 Dungeon Crawl Stone Soup version 0.26.0-20-g3ca415f5b8 (webtiles) character file.

Game seed: 14011076711183140030

124 kaeus the Firebug (level 5, -3/28 HPs)
             Began as a Gargoyle Fire Elementalist on Jan 24, 2021.
             Slain by Terence
             ... wielding a +0 morningstar
              (9 damage)
             ... on level 3 of the Dungeon.
             The game lasted 00:01:35 (2995 turns).

kaeus the Firebug (Gargoyle Fire Elementalist)      Turns: 2995, Time: 00:01:35

Health: -3/28      AC:  6    Str:  9 (12) XL:     5   Next: 8%
Magic:  8/9        EV: 12    Int: 15 (16) God:
Gold:   65         SH:  5    Dex:  7 (10) Spells: 8/9 levels left

rFire    . . .     SeeInvis .   c - +0 dagger
rCold    . . .     Faith    .   (no shield)
rNeg     + . .     Spirit   .   a - +0 robe
rPois    ∞         Reflect  +   (no helmet)
rElec    +         Harm     .   (no cloak)
rCorr    +         Rampage  .   (no gloves)
Will     .....                  (no boots)
Stlth    ++........             f - amulet of reflection
HPRegen  0.09/turn              e - ring of resist corrosion
MPRegen  0.11/turn              (no ring)

@: hasted, very quick
A: deformed body, negative energy resistance 1, shaggy fur 1, electricity
resistance, wild magic 1, unbreathing, petrification resistance, miasma
immunity, AC +4
a: no special abilities


You were on level 3 of the Dungeon.
You visited 1 branch of the dungeon, and saw 3 of its levels.

You collected 65 gold pieces.

Inventory:

Hand Weapons
 c - a +0 dagger (weapon)
Armour
 a - a +0 robe (worn)
Jewellery
 e - a ring of resist corrosion (left hand)
 f - an amulet of reflection (around neck)
Wands
 l - a wand of polymorph (9)
Scrolls
 b - 6 scrolls of identify {unknown}
 g - a scroll of teleportation {unknown}
 h - 5 scrolls of remove curse {unknown}
 k - 2 scrolls of blinking {unknown}


   Skills:
 - Level 1.5 Dodging
 - Level 2.1 Stealth
 + Level 2.7 Spellcasting
 * Level 3.3 Conjurations
 * Level 4.2 Fire Magic


You had 8 spell levels left.
You knew the following spells:

 Your Spells              Type           Power        Failure   Level
a - Foxfire               Conj/Fire      68%          7%          1

Your spell library contained the following spells:

 Spells                   Type           Power        Failure   Level
 Conjure Flame            Conj/Fire      17%          19%         3
 Inner Flame              Hex/Fire       10%          34%         3
 Sticky Flame             Conj/Fire      17%          50%         4
 Fireball                 Conj/Fire      8%           83%         5


Dungeon Overview and Level Annotations

Branches:
Dungeon (3/15)

Altars:
Okawaru

Annotations:
D:2 1 runed translucent door, Crazy Yiuf
D:3 Terence


Innate Abilities, Weirdness & Mutations

You are resistant to torment.
Your stone body is resilient. (AC +4)
You are immune to poison.
You resist negative energy. (rN+)
You are resistant to electric shocks. (rElec)
You can survive without breathing.
You are immune to petrification.
You are immune to miasma.
Armour fits poorly on your strangely shaped body.
You are covered in fur. (AC +1)
Your spells are a little harder to cast, but a little more powerful.


Message History

Terence is moderately wounded.
The foxfire hits the rat.
The rat is heavily wounded.
The rat closely misses you. Terence barely misses you.
It was a potion of mutation.
You feel extremely strange.
Your body twists and deforms.
Fur sprouts all over your body.
You feel less in control of your magic. You block the rat's attack.
It was a potion of degeneration.
There was something very wrong with that liquid.
You feel weakened.
You feel dopey.
You feel clumsy. Terence hits you with a +0 morningstar.
* * * LOW HITPOINT WARNING * * *
You block the rat's attack.
You take 2 damage, and have 5/28 hp.
It was a potion of cancellation.
You feel magically purged. You block the rat's attack.
Terence barely misses you.
It was a potion of haste.
You feel yourself speed up. The rat closely misses you.
Terence hits you with a +0 morningstar!
You die...

. ..
...###+#+#####
.............#.
...............
......r@.......
#...#..@....#.#
# #..####.# #..
# #.# .. ##. ##


You could see Terence and a rat.

Vanquished Creatures
  Jessica (D:2)
  5 adders (D:2)
  A dart slug (D:1)
  2 leopard geckos (D:1)
  2 giant cockroaches (D:2)
  10 goblins
  7 hobgoblins
  3 jackals (D:1)
  7 bats
  5 frilled lizards
  3 kobolds
  6 rats
52 creatures vanquished.

Vanquished Creatures (others)
  139 foxfires
  A fungus (D:2)
140 creatures vanquished.

Grand Total: 192 creatures vanquished

Notes
Turn   | Place    | Note
-------+----------+-------------------------------------------
     0 | D:1      | kaeus the Gargoyle Fire Elementalist began the quest for
                  | the Orb.
     0 | D:1      | Reached XP level 1. HP: 10/10 MP: 3/3
   441 | D:1      | Reached XP level 2. HP: 15/15 MP: 0/5
  1086 | D:1      | Reached XP level 3. HP: 19/19 MP: 0/6
  1957 | D:2      | Noticed Jessica
  1960 | D:2      | Killed Jessica
  1961 | D:2      | Reached XP level 4. HP: 24/24 MP: 0/7
  2196 | D:2      | Reached skill level 4 in Fire Magic
  2347 | D:2      | Found an iron altar of Okawaru.
  2554 | D:2      | Found a runed translucent door.
  2555 | D:2      | Noticed Crazy Yiuf
  2691 | D:2      | Reached XP level 5. HP: 28/28 MP: 2/9
  2977 | D:3      | Noticed Terence
  2992 | D:3      | Gained mutation: Armour fits poorly on your strangely
                  | shaped body. [potion of mutation]
  2992 | D:3      | Gained mutation: You are covered in fur. (AC +1) [potion of
                  | mutation]
  2992 | D:3      | Gained mutation: Your spells are a little harder to cast,
                  | but a little more powerful. [potion of mutation]
  2995 | D:3      | Slain by Terence

Illustrated notes

Levels and vault maps discovered:
D:1:      amcnicky_arrival_double_pillar, layout_basic
D:2:      layout_rooms, kennysheep_okawaru_gauntlet, minmay_misc_feat_roman,
          st_stairs_10, uniq_jessica, uniq_crazy_yiuf_cottage
D:3:      layout_basic, uniq_terence

Skill      XL: |  1  2  3  4 |
---------------+-------------+-----
Conjurations   | 2 3 |  3.3
Fire Magic     | 4 |  4.2
Dodging        | |  1.5
Stealth        | |  2.1
Spellcasting   | |  2.7

Action                   |  1- 3 |  4- 6 || total
-------------------------+-------+-------++-------
Melee: Dagger            |    58 |    34 ||    92
 Cast: Foxfire           |    66 |    35 ||   101
  Use: Potion            |       |     4 ||     4
Armor: Robe              |    17 |    12 ||    29
Dodge: Dodged            |    31 |    25 ||    56
Block: Other             |    13 |    13 ||    26
